 Dungeon Crawl Stone Soup version 0.31.0 (webtiles) character file.

Game seed: 10929447074976303868

40 qw the Shooter (level 3, -7/21 HPs)
             Began as a Gargoyle Hunter on Jan 19, 2024.
             Mangled by an ogre
             ... wielding a +0 giant club
              (22 damage)
             ... on level 3 of the Dungeon.
             The game lasted 00:00:05 (1232 turns).

qw the Shooter (Gargoyle Hunter)                    Turns: 1232, Time: 00:00:06

Health: -7/21      AC: 11    Str: 14    XL:     3   Next: 50%
Magic:  3/3        EV: 10    Int:  9    God:
Gold:   53         SH:  0    Dex: 15    Spells: 2/2 levels left

rFire   . . .        a - +1 shortbow
rCold   . . .        (shield currently unavailable)
rNeg    + . .        i - +0 ring mail
rPois   inf          (helmet restricted)
rElec   +            e - +2 cloak
rCorr   .            (no gloves)
SInv    .            (no boots)
Will    .....        (no amulet)
Stlth   +            (no ring)
HPRegen 0.23/turn    (no ring)
MPRegen 0.08/turn

%: no passive effects
@: no status effects
A: sickness immunity, AC +3, negative energy resistance 1, electricity
resistance, torment resistance 1, petrification resistance, horns 1
a: no special abilities


You were on level 3 of the Dungeon.
You visited 1 branch of the dungeon, and saw 3 of its levels.

You collected 53 gold pieces.


Innate Abilities, Weirdness & Mutations

You are immune to sickness and miasma.
Your stone body is resilient. (AC +3)
You are immune to poison.
You resist negative energy. (rN+)
You are resistant to electric shocks. (rElec)
You are resistant to unholy torment.
You are immune to petrification.
You have a pair of small horns on your head.


   Skills:
 + Level 2.2 Fighting
 - Level 5.0 Ranged Weapons
 - Level 1.0 Armour
 - Level 1.5 Dodging
 - Level 1.1 Stealth


You had 2 spell levels left.
You didn't know any spells.
Your spell library was empty.

Inventory:

Hand Weapons
 a - a +1 shortbow (weapon)
Armour
 e - a +2 cloak (worn)
 i - a +0 ring mail (worn)
Wands
 f - a wand of digging (4)
Potions
 b - a potion of ambrosia {unknown}
 c - a potion of heal wounds {unknown}
 d - a potion of cancellation {unknown}
 h - a potion of mutation

Dungeon Overview and Level Annotations

Branches:
Dungeon (3/15)

Altars:

Shops:
D:2 (


Message History

You now have 53 gold pieces (gained 11).
You open the door.
There is an open door here.
Done exploring.
Done exploring.
1189 ||| DRINKING 2 brown potions.
It was a potion of attraction.
You feel attractive to monsters.
Done exploring.
1190 ||| DRINKING 2 fizzy grey potions.
It was a potion of mutation.
You feel extremely strange. A pair of horns grows on your head!
Done exploring.
1191 ||| DROPPING potion of attraction.
You drop a potion of attraction.
Done exploring.
What level of the Dungeon? (default 2, ? - help)
There is a stone staircase leading down here.
You climb downwards.
You hear the sound of rushing water.
There is an entrance to a sewer on this level.
Hurry and find it before the portal rusts away!
Found a silver wand.
There is a stone staircase leading up here.
Waypoint 2 assigned to D:3.
1206 ||| PLANNING SEWER
f - a wand of digging (4)
Found a stone staircase leading up.
Found 5 atropa-tipped darts and a ring mail.
You feel less attractive to monsters.
An ogre comes into view. It is wielding a +0 giant club.
You shoot an arrow. The arrow hits the ogre!
The ogre is moderately wounded.
You shoot an arrow. The arrow hits the ogre!
The ogre is severely wounded.
You shoot an arrow. The arrow hits the ogre.
The ogre is severely wounded.
The ogre hits you with a +0 giant club.
You shoot an arrow. The arrow hits the ogre.
The ogre is almost dead.
The ogre hits you with a +0 giant club!!
Ouch! That really hurt!
You die...

##.......
##.......#
........#
........# .#
#.....[###
#..#.....(..
#.....#..#
#....#..######
#...@.......#
#...O###.#.#.+
#..$..
#.#.######+#
#.##.#.
#.#.##.....###
. #.#.
#.#......<....
# #.
#.#..#####.###
#.
#.#..#####.#
#.
#.#........#
#.##.#####...


You could see an ogre.

Vanquished Creatures
  An adder (D:2)
  A dart slug (D:2)
  2 ribbon worms (D:2)
  4 endoplasms
  3 giant cockroaches
  2 goblins (D:2)
  2 hobgoblins
  2 jackals (D:1)
  A ball python (D:2)
  2 bats (D:1)
  A frilled lizard (D:2)
  A kobold (D:1)
  A rat (D:2)
23 creatures vanquished.

Notes
Turn   | Place    | Note
-------+----------+-------------------------------------------
     0 | D:1      | qw the Gargoyle Hunter began the quest for the Orb.
     0 | D:1      | Reached XP level 1. HP: 12/12 MP: 1/1
     0 | D:1      | 0 ||| qw: Version: 0.3-a-132-g3d54051
     0 | D:1      | 0 ||| qw: Game counter: 164
     0 | D:1      | 0 ||| qw: Melee chars always use a shield: true
     0 | D:1      | 0 ||| qw: God list: Okawaru
     0 | D:1      | 0 ||| qw: Allow faded altars: false
     0 | D:1      | 0 ||| qw: Do Orc after clearing Dungeon:15 true
     0 | D:1      | 0 ||| qw: Do second Lair branch before Depths: true
     0 | D:1      | 0 ||| qw: Lair rune preference: random
     0 | D:1      | 0 ||| qw: Goals: Normal
     0 | D:1      | 0 ||| PLANNING D:1-11
   182 | D:1      | Reached XP level 2. HP: 17/17 MP: 2/2
   686 | D:1      | 686 ||| UPGRADING to +0 cloak.
   691 | D:1      | 691 ||| UPGRADING to +0 ring mail.
   701 | D:1      | 701 ||| DROPPING +0 leather armour.
   702 | D:1      | 702 ||| READING 2 scrolls labelled HYDYPI RUES.
   702 | D:1      | 702 ||| ENCHANTING +0 cloak.
   703 | D:1      | 703 ||| READING scroll of enchant armour.
   703 | D:1      | 703 ||| ENCHANTING +1 cloak.
   704 | D:1      | 704 ||| READING scroll labelled KAUSUW LUOTHRERCH.
   704 | D:1      | 704 ||| ENCHANTING +0 shortbow.
   705 | D:1      | 705 ||| DROPPING scroll of butterflies.
   776 | D:2      | Reached skill level 1 in Armour
   814 | D:2      | 814 ||| FLEEEEING.
   819 | D:2      | Reached XP level 3. HP: 21/21 MP: 3/3
   988 | D:2      | Reached skill level 5 in Ranged Weapons
  1013 | D:2      | Found Zigrior's Weapon Emporium.
  1189 | D:2      | 1189 ||| DRINKING 2 brown potions.
  1190 | D:2      | 1190 ||| DRINKING 2 fizzy grey potions.
  1190 | D:2      | Gained mutation: You have a pair of small horns on your
                  | head. [potion of mutation]
  1191 | D:2      | 1191 ||| DROPPING potion of attraction.
  1206 | D:3      | 1206 ||| PLANNING SEWER
  1228 | D:3      | Noticed an ogre
  1232 | D:3      | Mangled by an ogre

Levels and vault maps discovered:
D:1:      shiori_shiawase, layout_basic
D:2:      layout_basic, serial_shops, nicolae_shop_scrapyard
D:3:      layout_loops_ring, mainiacjoe_overflow_six_doors_small,
          nicolae_gozag_seed_capital, gup_sewer_entry_bubbles,
          minmay_misc_feat_rugged

Skill      XL: |  1  2  3 |
---------------+----------+-----
Armour         | 1 |  1.0
Ranged Weapons | 5 |  5.0
Fighting       | |  2.2
Dodging        | |  1.5
Stealth        | |  1.1

Action                     || total
---------------------------++-------
   Fire: Shortbow          ||    69
    Use: Scroll            ||     3
         Potion            ||     2
 Armour: Ring mail         ||    11
         Leather armour    ||     1
  Dodge: Dodged            ||    10

Table legend:
 A = Non-vault XP
 B = Vault XP
 C = Vault XP percentage of total XP
 D = Non-vault monster count
 E = Vault monster count
 F = Vault count percentage of total count
                 A         B        C        D         E       F
            +---------+---------+-------+---------+---------+-------
      Total |      58 |       0 |   0.0 |      23 |       0 |   0.0
            +---------+---------+-------+---------+---------+-------
        D:1 |      18 |       0 |   0.0 |      10 |       0 |   0.0
        D:2 |      40 |       0 |   0.0 |      13 |       0 |   0.0
            +---------+---------+-------+---------+---------+-------
